 Dungeon Crawl Stone Soup version 0.29.0-10-g45618ea6d2 (webtiles) character file.

Game seed: 8261544067869059432

109566 bear the Eclecticist (level 17, 0/131 HPs)
             Began as a Djinni Hedge Wizard on Aug 31, 2022.
             Was the Champion of Makhleb.
             Shot with a sling bullet by a faun (13 damage)
             ... on level 1 of the Shoals on Sept 1, 2022.
             The game lasted 02:45:12 (22432 turns).

bear the Eclecticist (Djinni Hedge Wizard)         Turns: 22432, Time: 02:45:13

Health: 0/131      AC: 21    Str: 13 (16) XL:     17   Next: 7%
Gold:   2337       EV: 10    Int: 25 (26) God:    Makhleb [******] SH:  0 Dex: 10 (14)

rFire   + + .      SeeInvis +   n - +7 quarterstaff "Giantbane" {protect, Str+4 Int+3 Stlth-}
rCold   + + .      Faith    .   (shield currently unavailable)
rNeg    + . .      Spirit   .   E - +3 ice dragon scales
rPois   ∞          Reflect  .   K - +2 hat {SInv}
rElec   .          Harm     .   f - scarf {rC+ rF+}
rCorr   +          Rampage  .   C - +2 pair of gloves {Str+3}
Will    ++...                   (boots unavailable)
Stlth   ..........              l - amulet of regeneration
HPRegen 1.11/turn               v - ring of willpower
MPRegen 0.00/turn               N - ring "Immim" {rN+ rCorr Stlth+}

@: flying, studying Long Blades
A: sickness immunity, fire resistance 2, cold vulnerability 1, float, innate
caster, HP casting, extra vitality 1
a: Renounce Religion, Minor Destruction, Lesser Servant of Makhleb, Major
Destruction, Greater Servant of Makhleb


You were on level 1 of the Shoals.
You worshipped Makhleb.
Makhleb was exalted by your worship.
You visited 6 branches of the dungeon, and saw 22 of its levels.
You also visited: Volcano.

You collected 2607 gold pieces.
You spent 270 gold pieces at shops.

Inventory:

Hand Weapons
 n - the +7 quarterstaff "Giantbane" (weapon) {protect, Str+4 Int+3 Stlth-}
   (You bought it in a shop on level 3 of the Dungeon)

   It grants its wielder temporary protection when it strikes (+7 to AC).
   Str:       It affects your strength (+4).
   Int:       It affects your intelligence (+3).
   Stlth:     It makes you less stealthy.
 B - a +4 scimitar of flaming
 O - the +6 mace of Welfare {flame, rPois}
   (You found it on level 3 of the Lair of Beasts)

   It burns those it strikes, dealing additional fire damage.
   rPois:     It protects you from poison.
Missiles
 j - 4 throwing nets
Armour
 f - a scarf of resistance (worn)
 C - a +2 pair of gloves of strength (worn)
 E - +3 ice dragon scales (worn)
 I - a +0 buckler
 K - a +2 hat of see invisible (worn)
 L - quicksilver dragon scales
Jewellery
 l - an amulet of regeneration (around neck)
 v - a ring of willpower (left hand)
 N - the ring "Immim" (right hand) {rN+ rCorr Stlth+}
   (You found it on level 3 of the Lair of Beasts)

   [ring of resist corrosion]

   rN:        It protects you from negative energy.
   rCorr:     It protects you from acid and corrosion.
   Stlth:     It makes you more stealthy.
Wands
 i - a wand of roots (4)
 q - a wand of digging (8)
 r - a wand of flame (53)
 t - a wand of polymorph (3)
 w - a wand of light (19)
 y - a wand of mindburst (12)
 M - a wand of charming (14)
Scrolls
 g - 2 scrolls of blinking
 m - 2 scrolls of identify
 o - a scroll of enchant armour
 s - a scroll of summoning
 u - 2 scrolls of fear
 x - 9 scrolls of teleportation
 z - 3 scrolls of poison
 A - 3 scrolls of silence
 D - 3 scrolls of vulnerability
 F - a scroll of brand weapon
 Q - 2 scrolls of magic mapping
Potions
 a - 8 potions of ambrosia
 b - 2 potions of haste
 c - a potion of invisibility
 d - 3 potions of heal wounds
 e - 4 potions of cancellation
 h - a potion of resistance
 k - 7 potions of curing
 p - 2 potions of brilliance
 J - 3 potions of might
Miscellaneous
 P - a tin of tremorstones (2/2)


   Skills:
 + Level 15.1 Fighting
 * Level 7.7 Long Blades
 + Level 10.3 Armour
 - Level 4.1 Dodging
 - Level 1.5 Stealth
 - Level 10.0 Shields
 * Level 15.8 Spellcasting


You had 4 spell levels left.
You knew the following spells:

 Your Spells              Type           Power      Damage    Failure   Level
a - Magic Dart            Conj           100%       1d8       1%          1
b - Blink                 Tloc           100%       N/A       1%          2
c - Call Imp              Summ           78%        N/A       1%          2
d - Slow                  Hex            100%       N/A       1%          1
e - Conjure Flame         Conj/Fire      78%        6-21      1%          3
f - Mephitic Cloud        Conj/Pois/Air  78%        N/A       1%          3
g - Necrotise             Necr           100%       1d9       1%          1
h - Searing Ray           Conj           100%       2d8       1%          2
i - Frozen Ramparts       Ice            100%       1d16      1%          3
j - Animate Armour        Summ/Erth      100%       N/A       1%          4
k - Petrify               Tmut/Erth      78%        N/A       1%          4
l - Summon Forest         Summ/Tloc      39%        N/A       1%          5
m - Death Channel         Necr           39%        N/A       2%          6
n - Conjure Ball Lightni  Conj/Air       39%        3x3d13    2%          6
Your spell library was empty.

Dungeon Overview and Level Annotations

Branches:
Dungeon (12/15)            Temple (1/1) D:4            Lair (5/5) D:10
 Shoals (1/4) Lair:3       Spider (1/4) Lair:2        Slime (0/5) Lair:5
    Orc (2/2) D:12            Elf (0/3) Orc:2       Volcano (visited)

Altars:
Ashenzari
Cheibriados
Dithmenos
Elyvilon
Fedhas
Gozag
Hepliaklqana
Makhleb
Nemelex Xobeh
Okawaru
Qazlal
Ru
Trog
Uskayaw
Wu Jian
Xom
Yredelemnul
Zin
The Shining One
Jiyva

Shops:
D:1 (   D:3 (   Orc:1 !   Orc:2 *!=((


Innate Abilities, Weirdness & Mutations

You are immune to sickness and miasma.
You are immune to poison.
Your flesh is very heat resistant. (rF++)
You are vulnerable to cold. (rC-)
You float through the air rather than walking.
You learn spells naturally, not from books.
Your magical power is your life essence.
You have superior vitality. (+4 MHP)


Message History

3 fauns come into view.
The faun shouts! x3
The snapping turtle is engulfed in noxious fumes.
The merfolk is engulfed in noxious fumes.
The merfolk appears confused.
A faun comes into view. It is wielding a +0 spear of freezing.
The faun shouts!
The faun unwields a +0 spear.
The faun wields a +0 sling.
The faun shoots a sling bullet.
The sling bullet hits you but does no damage.
The snapping turtle is engulfed in noxious fumes.
The faun unwields a +0 spear.
The faun wields a +0 sling.
The faun shoots a sling bullet.
The sling bullet hits you!
* * * LOW HITPOINT WARNING * * *
The faun unwields a +0 spear of freezing.
The faun wields a +0 sling.
The faun shoots a sling bullet.
The sling bullet hits you.
* * * LOW HITPOINT WARNING * * *
Your spectral merfolk hits the merfolk.
The merfolk is engulfed in noxious fumes.
The snapping turtle is engulfed in noxious fumes.
The snapping turtle appears confused.
The faun shoots a sling bullet.
The sling bullet hits you.
* * * LOW HITPOINT WARNING * * *
The faun shoots a sling bullet.
The sling bullet completely misses you.
The faun shoots a sling bullet.
The sling bullet hits you but does no damage.
The snapping turtle is engulfed in noxious fumes.
The manticore is engulfed in noxious fumes.
Your unholy channel expires.
Your spectral merfolk fades into mist!
The faun shoots a sling bullet.
The sling bullet closely misses you.
The faun shoots a sling bullet.
The sling bullet hits you!
* * * LOW HITPOINT WARNING * * *
The merfolk is engulfed in noxious fumes.
The manticore is engulfed in noxious fumes.
The manticore flicks its tail.
The volley of spikes hits you but does no damage.
The faun shoots a sling bullet.
The sling bullet hits you!
You die...

≈≈≈≈≈≈≈≈≈≈≈≈≈≈≈
≈≈≈≈≈≈≈≈≈≈≈≈≈≈≈
≈≈≈≈≈≈≈≈≈≈≈≈≈≈≈
≈≈≈≈≈≈≈≈≈≈≈≈≈≈≈
≈≈≈≈≈≈≈≈≈≈≈≈≈≈≈≈
≈≈≈≈≈≈≈≈≈≈≈≈≈≈≈≈≈≈≈
≈≈≈≈≈≈≈≈≈≈≈≈≈≈≈≈≈≈≈≈
≈≈≈≈≈≈≈@≈≈≈≈≈≈≈≈≈≈≈≈≈~~~
≈≈≈≈≈≈≈≈≈≈≈≈≈≈≈≈≈≈≈≈~~~~
≈≈≈≈≈≈≈t≈≈≈≈≈≈≈≈≈≈≈≈~~~~
≈≈≈≈~~~~~~≈≈≈≈≈≈≈≈~~~~~~
≈≈≈≈~~~~~○≈m≈≈≈≈≈~~~~~.~
≈≈≈≈~~~~~☼H○≈≈≈≈~~~~~~..
c≈≈≈≈≈≈≈~○☼☼~~≈≈~~~~~~..
cc≈≈#≈≈≈~~~~~~~~~~~~~...
~~~≈≈≈≈~>~~~~~~~~~~~....


You could see a snapping turtle (confused), a merfolk (confused), 3 fauns and a
manticore.

Vanquished Creatures
  A ghost moth (Lair:2)
  4 hydras
  Erica (Lair:1)
  6 two-headed ogres
  A death yak (Lair:5)
  Sonja (D:11)
  2 harpies (Shoals:1)
  4 deep elf pyromancers (Volcano)
  A deep elf archer (Volcano)
  4 lindwurms (Lair:3)
  An orc knight (Orc:1)
  2 wolf spiders
  4 cyclopes
  3 manticores
  15 elephants
  3 black mambas
  2 merfolk sirens (Lair:3)
  A torpor snail (Lair:5)
  2 gargoyles
  A demonic crawler (Spider:1)
  10 cane toads
  An unseen horror (D:11)
  5 komodo dragons
  A rime drake (Lair:1)
  3 trolls
  3 merfolk
  2 polar bears
  Prince Ribbit (D:7)
  20 blink frogs
  Sigmund (D:6)
  3 jumping spiders
  A spriggan (Lair:4)
  61 yaks
  Eustachio (D:6)
  5 wyverns
  5 fire elementals (Volcano)
  3 basilisks
  3 vampire mosquitoes (D:10)
  3 wargs (D:12)
  Duvessa (D:6)
  14 water moccasins
  An acid dragon (D:11)
  5 hell hounds (Volcano)
  2 sky beasts
  2 ice beasts
  5 orc warriors
  5 ogres
  22 wolves
  2 centaurs
  6 phantoms
  Blork the orc (D:6)
  4 kobold brigands
  2 gnoll sergeants
  9 bullfrogs
  3 wights (D:9)
  Dowan (D:6)
  22 killer bees
  9 electric eels
  8 howler monkeys
  A vampire bat (Lair:2)
  2 jellies
  3 hounds
  Crazy Yiuf (D:6)
  5 orc priests
  4 iguanas
  17 orc wizards
  10 adders
  7 gnolls
  3 shadow imps
  2 white imps
  3 ufetubi
  A worm (D:2)
  2 dart slugs
  62 orcs
  4 endoplasms
  2 giant cockroaches
  7 goblins
  9 hobgoblins
  3 jackals (D:1)
  4 quokkas
  6 ball pythons
  15 bats
  A frilled lizard (D:1)
  30 kobolds
  5 rats
  A butterfly (Lair:4)
  A snaplasher vine (Shoals:1)
526 creatures vanquished.

Vanquished Creatures (collateral kills)
  Gastronok (Lair:1)
  An entropy weaver (Spider:1)
  A dire elephant (Lair:4)
  4 hydras
  2 ogre magi (Orc:2)
  A boulder beetle (Lair:4)
  Harold (D:11)
  3 catoblepae (Lair:5)
  10 two-headed ogres
  5 death yaks (Lair:5)
  Amaemon (Lair:1)
  2 deep trolls (Orc:2)
  6 harpies (Shoals:1)
  A lindwurm (Lair:4)
  4 orc knights
  6 cyclopes (Shoals:1)
  An orc sorcerer (Orc:2)
  5 manticores (Shoals:1)
  Maurice (D:12)
  11 elephants (Lair:4)
  2 cane toads (Lair:5)
  An orange demon (Lair:1)
  5 komodo dragons
  2 rime drakes
  2 polar bears (Lair:2)
  A merfolk (Shoals:1)
  8 trolls
  11 blink frogs
  6 dream sheep (Lair:5)
  A hornet (Lair:5)
  A jumping spider (Spider:1)
  A spriggan (Lair:5)
  A wraith (D:12)
  A water elemental (Shoals:1)
  12 yaks
  3 redbacks (Spider:1)
  A vampire mosquito (D:10)
  3 wargs
  2 acid dragons
  2 water moccasins
  19 orc warriors
  An ice beast (D:8)
  17 ogres
  32 wolves
  2 bullfrogs
  A killer bee (D:9)
  5 orc priests
  A gnoll bouda (Orc:1)
  6 orc wizards
  4 gnolls (Orc:1)
  24 orcs
  A butterfly (Lair:4)
246 creatures vanquished.

Vanquished Creatures (others)
  3 ball lightnings (Shoals:1)
  112 fungi
  108 plants
  6 snaplasher vines
229 creatures vanquished.

Grand Total: 1001 creatures vanquished

Notes
Turn   | Place    | Note
-------+----------+-------------------------------------------
     0 | D:1      | bear the Djinni Hedge Wizard began the quest for the Orb.
     0 | D:1      | bear set off with the following spells memorised: Magic
                  | Dart, Blink, Call Imp, Slow, Conjure Flame, Mephitic Cloud.
     0 | D:1      | Reached XP level 1. HP: 15/15 MP: 0/0
   583 | D:1      | Reached XP level 2. HP: 19/21 MP: 0/0
   830 | D:1      | You are sucked into a shaft and drop 1 floor!
   894 | D:2      | Reached XP level 3. HP: 14/25 MP: 0/0
   894 | D:2      | Learned a level 1 spell: Necrotise
  1224 | D:1      | Found Jyemeobu's Weapon Shop.
  1613 | D:1      | Found a faded altar of an unknown god.
  2147 | D:2      | Reached XP level 4. HP: 11/31 MP: 0/0
  3124 | D:3      | HP: 1/31 [worm (9)]
  3478 | D:3      | Reached XP level 5. HP: 35/35 MP: 0/0
  3478 | D:3      | Learned a level 2 spell: Searing Ray
  3649 | D:3      | Found Zausm's Antique Weapon Boutique.
  3982 | D:4      | Found a hazy altar of Hepliaklqana.
  3982 | D:4      | Found a blossoming altar of Fedhas.
  4160 | D:4      | Found a staircase to the Ecumenical Temple.
  4173 | Temple   | Entered the Ecumenical Temple
  4403 | Temple   | Became a worshipper of Makhleb the Destroyer
  4435 | D:4      | Reached XP level 6. HP: 39/40 MP: 0/0
  4445 | D:4      | Reached skill level 5 in Spellcasting
  5096 | D:5      | Entered Level 5 of the Dungeon
  5135 | D:5      | Reached XP level 7. HP: 42/45 MP: 0/0
  5135 | D:5      | Learned a level 3 spell: Frozen Ramparts
  5378 | D:5      | Reached * piety under Makhleb
  5379 | D:5      | Reached XP level 8. HP: 47/50 MP: 0/0
  5930 | D:6      | Noticed Eustachio
  5937 | D:6      | Noticed Duvessa
  5981 | D:6      | Noticed Blork the orc
  5986 | D:6      | Killed Blork the orc
  6015 | D:6      | Reached skill level 10 in Spellcasting
  6015 | D:6      | Reached XP level 9. HP: 71/71 MP: 0/0
  6015 | D:6      | Learned a level 4 spell: Animate Armour
  6064 | D:6      | Reached XP level 10. HP: 74/77 MP: 0/0
  6099 | D:6      | Killed Eustachio
  6222 | D:6      | Noticed Dowan
  6230 | D:6      | Killed Dowan
  6246 | D:6      | Killed Duvessa
  6255 | D:6      | Reached ** piety under Makhleb
  6565 | D:6      | Noticed Sigmund
  6571 | D:6      | Killed Sigmund
  6791 | D:6      | Found a runed translucent door.
  6792 | D:6      | Noticed Crazy Yiuf
  6806 | D:6      | Killed Crazy Yiuf
  7187 | D:7      | Reached skill level 1 in Shields
  7188 | D:7      | Noticed Prince Ribbit
  7210 | D:7      | Killed Prince Ribbit
  8534 | D:8      | Reached *** piety under Makhleb
  8642 | D:8      | Reached XP level 11. HP: 79/84 MP: 0/0
  8642 | D:8      | Learned a level 4 spell: Petrify
  9623 | D:9      | Reached **** piety under Makhleb
  9628 | D:9      | Reached skill level 10 in Fighting
  9681 | D:9      | Identified the +3 leather armour of Eternal Night {rN+}
  9717 | D:9      | Identified the +0 leather armour of the Volcano {Str+2}
  9916 | D:10     | Entered Level 10 of the Dungeon
 10019 | D:10     | Reached skill level 1 in Armour
 10366 | D:10     | Reached XP level 12. HP: 76/93 MP: 0/0
 10697 | D:10     | Found a staircase to the Lair.
 10918 | Lair:1   | Entered Level 1 of the Lair of Beasts
 11072 | Lair:1   | Noticed Gastronok
 11108 | Lair:1   | Killed Gastronok
 11296 | Lair:1   | Noticed Erica
 11314 | Lair:1   | Killed Erica
 11319 | Lair:1   | You are sucked into a shaft and drop 1 floor!
 11334 | Lair:2   | Reached skill level 5 in Shields
 11340 | Lair:2   | Reached ***** piety under Makhleb
 11769 | Lair:2   | Reached XP level 13. HP: 71/100 MP: 0/0
 11769 | Lair:2   | Learned a level 5 spell: Summon Forest
 12199 | Lair:1   | Reached skill level 5 in Armour
 12362 | Lair:1   | Noticed Amaemon
 12369 | Lair:1   | Killed Amaemon
 12933 | Lair:2   | Found a hole to the Spider Nest.
 13102 | Lair:2   | Noticed a seven-headed hydra
 13107 | Lair:2   | Killed a seven-headed hydra
 13470 | Lair:3   | Found a dark tunnel.
 13470 | Lair:3   | Noticed a four-headed hydra
 13482 | Lair:3   | Killed a four-headed hydra
 13489 | Lair:3   | Noticed an eight-headed hydra
 13503 | Volcano  | Entered a volcano
 13739 | Lair:3   | Killed an eight-headed hydra
 13742 | Lair:3   | Reached XP level 14. HP: 70/108 MP: 0/0
 13916 | Lair:3   | Identified the ring "Immim" {rN+ rCorr Stlth+}
 13923 | Lair:3   | Identified the +6 mace of Welfare {flame, rPois}
 14250 | Lair:3   | Found a staircase to the Shoals.
 15292 | Lair:4   | Noticed a dire elephant
 15299 | Lair:4   | Killed a dire elephant
 15398 | Lair:4   | Reached ****** piety under Makhleb
 15448 | Lair:4   | Upgraded the game from 0.29.0-7-g18a832c13a to
                  | 0.29.0-10-g45618ea6d2
 15819 | Lair:5   | Entered Level 5 of the Lair of Beasts
 15844 | Lair:5   | Reached XP level 15. HP: 46/116 MP: 0/0
 15844 | Lair:5   | Learned a level 6 spell: Death Channel
 16290 | Lair:5   | Found a viscous altar of Jiyva.
 16300 | Lair:5   | Found a staircase to the Slime Pits.
 17734 | D:11     | Noticed Harold
 17750 | D:11     | Noticed Sonja
 17756 | D:11     | Killed Harold
 17761 | D:11     | Killed Sonja
 17993 | D:11     | Reached skill level 15 in Spellcasting
 18460 | D:11     | Reached XP level 16. HP: 120/124 MP: 0/0
 18831 | D:12     | Noticed Maurice
 18839 | D:12     | Killed Maurice
 19056 | D:12     | Found a staircase to the Orcish Mines.
 19603 | Orc:1    | Entered Level 1 of the Orcish Mines
 19648 | Orc:1    | Found Nifif's Distillery.
 19867 | D:3      | Bought a twisted quarterstaff for 270 gold pieces
 19867 | D:3      | Identified the +7 quarterstaff "Giantbane" {protect, Str+4
                  | Int+3 Stlth-} (You bought it in a shop on level 3 of the
                  | Dungeon)
 20079 | Orc:1    | Found an iron altar of Okawaru.
 20201 | Orc:1    | Reached skill level 1 in Long Blades
 20201 | Orc:1    | Reached skill level 10 in Shields
 20856 | Orc:2    | Entered Level 2 of the Orcish Mines
 21064 | Orc:2    | Found Buegot's Antique Weapon Boutique.
 21226 | Orc:2    | Paralysed by an orc sorcerer for 3 turns
 21555 | Orc:2    | Found a staircase to the Elven Halls.
 21561 | Orc:2    | Found Xosedixtuz's Distillery.
 21563 | Orc:2    | Found Metalom's Antique Weapon Shop.
 21590 | Orc:2    | Reached skill level 5 in Long Blades
 21619 | Orc:2    | Reached skill level 10 in Armour
 21652 | Orc:2    | Found Kanga's General Store.
 21660 | Orc:2    | Found Xiawig's Jewellery Boutique.
 22001 | Spider:1 | Entered Level 1 of the Spider Nest
 22305 | Shoals:1 | Entered Level 1 of the Shoals
 22391 | Shoals:1 | Reached skill level 15 in Fighting
 22395 | Shoals:1 | Reached XP level 17. HP: 112/131 MP: 0/0
 22395 | Shoals:1 | Learned a level 6 spell: Conjure Ball Lightning
 22402 | Shoals:1 | Noticed Donald
 22432 | Shoals:1 | Shot with a sling bullet by a faun

Illustrated notes

Levels and vault maps discovered:
D:1:      giann_wishing_wells, layout_basic, serial_shops,
          nicolae_shop_hallway_plus, chequers_ecumenical_altar_simple
D:2:      layout_basic, serial_park_tiny_1
D:3:      layout_loops_ring, serial_shops, nicolae_shop_hallway_stairs,
          grunt_ministairs_13
D:4:      layout_basic, gammafunk_temple_overflow_elements,
          minmay_temple_entry_offerings, serial_park_tiny_1,
          minmay_misc_feat_more_columns, minmay_manual_monolith
D:5:      minmay_recursive_quarters, layout_cave_pools
D:6:      layout_loops_ring, uniq_blork_the_orc, uniq_crazy_yiuf_cottage,
          uniq_eustachio, uniq_sigmund, uniq_duvessa
D:7:      layout_basic, serial_co_window_serial, co_window_paths_b,
          co_window_corner_a, co_window_corner_a, co_window_of_opportunity_a,
          co_window_corner_a, co_window_paths_a, co_window_paths_a,
          co_window_paths_b, co_window_of_opportunity_a, co_window_broadway_b,
          co_window_of_opportunity_c, co_window_broadway_b,
          co_window_broadway_c, co_window_4corner_b, co_window_4corner_a,
          glass_columns_b, glass_columns_c, uniq_prince_ribbit1
D:8:      layout_cave_pools, grunt_ministairs_10, nicolae_elevator_lobby_plus
D:9:      layout_rooms
D:10:     layout_cross, lair_entry_dummy, serial_bayou, serial_bayou_pond_b,
          serial_bayou_lagoon_b, serial_bayou_pond_a, serial_bayou_pond_c
D:11:     layout_roguey, uniq_sonja, uniq_harold
D:12:     layout_roguey, david_orc_1_choice, uniq_maurice
Temple:   nicolae_temple_slightly_damp_pantheon
Lair:1:   layout_cave_shapes, uniq_amaemon, uniq_erica, uniq_gastronok
Lair:2:   layout_misc_corridors, spider_nest_entry_rubble, roderic_batcave,
          nzn_random_ring
Lair:3:   layout_chaotic_city, elwin_shoals_entry_stream,
          nicolae_volcano_entry_lava_flow, fungi_pond_lemuel,
          grunt_forest_small_clearings, minmay_lindwurm_lava
Lair:4:   mu_elephants_graveyard, layout_cave_pods, lemuel_fruit_fields,
          serial_bayou_shore_a
Lair:5:   evilmike_catoblepas_cave, layout_layer_cave, dpeg_slime_entry_corner,
          st_stairs_10, grunt_forest_large_clearings, grunt_megastairs_2
Shoals:1: layout_shoals, st_cyclops, uniq_donald
Spider:1: layout_chambers, hangedman_spider_tarantella_strand
Orc:1:    layout_diamond_mine, serial_shops, nicolae_shop_hallway_plus,
          okawaru_metal_pillars_3
Orc:2:    st_orc_open, layout_diamond_mine, serial_shops, nicolae_diamond_shop

Skill      XL: |  1  2  3  4  5  6  7  8  9 10 11 12 13 14 15 16 |
---------------+-------------------------------------------------+-----
Spellcasting   | 3 4 5 6 10 11 12 13 14 15 | 15.8
Fighting       | 8 9 10 11 12 13 14 15 | 15.1
Shields        | 1 3 5 6 8 9 10 | 10.0
Dodging        | 3 4 |  4.1
Armour         | 2 4 6 7 9 10 | 10.3
Long Blades    | 7 |  7.7
Stealth        | |  1.5

Action                   |  1- 3 |  4- 6 |  7- 9 | 10-12 | 13-15 | 16-18 || total
-------------------------+-------+-------+-------+-------+-------+-------++-------
Melee: Dagger            |     9 |     4 |       |       |       |       ||    13
       Rapier            |       |       |       |       |     1 |       ||     1
       Mace              |       |       |       |       |     8 |    16 ||    24
       Quarterstaff      |       |       |       |       |       |    17 ||    17
 Cast: Magic Dart        |    82 |   110 |    31 |   220 |   160 |    74 ||   677
       Conjure Flame     |     1 |       |     2 |     4 |       |       ||     7
       Call Imp          |       |     1 |     1 |     1 |     7 |    11 ||    21
       Searing Ray       |       |    11 |    34 |   129 |   150 |    19 ||   343
       Necrotise         |       |     4 |     7 |     4 |    14 |     3 ||    32
       Blink             |       |     1 |     4 |     1 |       |     7 ||    13
       Mephitic Cloud    |       |     1 |    13 |    79 |   133 |    61 ||   287
       Frozen Ramparts   |       |       |     2 |    44 |    76 |    37 ||   159
       Animate Armour    |       |       |     2 |    14 |    35 |    52 ||   103
       Summon Forest     |       |       |       |       |    14 |    25 ||    39
       Petrify           |       |       |       |       |     1 |     5 ||     6
       Slow              |       |       |       |       |     1 |     8 ||     9
       Death Channel     |       |       |       |       |     2 |     6 ||     8
       Conjure Ball Ligh |       |       |       |       |       |     1 ||     1
Evoke: Wand              |       |       |       |     2 |     2 |       ||     4
  Use: Scroll            |       |    13 |     4 |     7 |     9 |     7 ||    40
       Potion            |       |       |     1 |     2 |     1 |     2 ||     6
 Stab: Sleeping          |     1 |       |       |       |       |       ||     1
       Confused          |       |       |       |       |     1 |     4 ||     5
Armor: Robe              |     2 |    18 |     4 |     7 |       |       ||    31
       Ice dragon scales |       |       |       |    76 |   188 |   135 ||   399
Dodge: Dodged            |    15 |    48 |    32 |    88 |   125 |   102 ||   410
Block: Kite shield       |       |       |       |     2 |       |       ||     2
       Buckler           |       |       |       |       |    49 |     6 ||    55
